AoeStats
← ArtTroy2751

Hideout

510235740Analyzed
1v1 RM · 14h ago on Sep 30, 2026· 43m 35s· 2 players
Game mode
Random Map
Map size
Tiny (2 player)
Population
200
Speed
Normal
Resources
Standard
Victory
Conquest
Starting age
Dark Age
Ending age
Imperial Age
RankedLock teamsTeams togetherTeam positionsShared explorationLock speedFull tech treeHidden civsTurbo modeCheats
Victory
Defeat
🇲🇽 Cumans · Mexico
1271
+17
🇲🇽 Georgians · Mexico
1302
-17
ArtTroy2751
6:43 Loom
9:18 Feudal Age
9:56 Double-Bit Axe
11:26 Horse Collar
15:43 Wheelbarrow
19:56 Gold Mining
22:36 Castle Age
21:24 Scale Barding Armor
21:32 Forging
22:37 Town Watch
23:10 Bloodlines
24:04 Iron Casting
27:34 Bow Saw
28:30 Chain Barding Armor
28:12 Crossbowman
28:23 Capped Ram
29:54 Thumb Ring
29:44 Fletching
29:54 Padded Archer Armor
36:19 Imperial Age
34:30 Ballistics
34:29 Bodkin Arrow
36:23 Cavalier
38:27 Blast Furnace
38:53 Chemistry
39:47 Plate Barding Armor
39:34 Paladin
VempirE Reider
8:30 Loom
12:17 Feudal Age
13:52 Wheelbarrow
13:03 Double-Bit Axe
13:03 Horse Collar
16:29 Castle Age
17:40 Hand Cart
17:37 Bow Saw
18:15 Heavy Plow
24:41 Fletching
25:21 Bodkin Arrow
26:01 Pikeman
30:26 Scale Mail Armor
30:37 Forging
30:32 Squires
30:17 Gambesons
32:02 Chain Mail Armor
33:59 Iron Casting
34:04 Scale Barding Armor
34:40 Bloodlines
34:31 Husbandry
35:58 Chain Barding Armor
35:27 Light Cavalry
39:03 Imperial Age
37:37 Gold Mining
37:38 Stone Mining
40:23 Plate Barding Armor
39:58 Halberdier
40:02 Hussar
40:45 Hussar
42:09 Plate Mail Armor
42:41 Blast Furnace
41:14 Capped Ram
43:00 Conscription
Connection lost

Rejoining the realm…

Still unreachable

The connection could not be restored.

Session expired

The server has moved on; the page needs a fresh start.